 Dungeon Crawl Stone Soup version 0.30-a0-6-g7c9e10e132 (webtiles) character file.

Game seed: 7349840796894200202

489 greenreed the Shield-Bearer (level 7, -4/60 HPs)
             Began as a Gnoll Fighter on Aug 22, 2022.
             Slain by Duvessa
             ... wielding a +0 rapier
              (9 damage)
             ... on level 4 of the Dungeon.
             The game lasted 00:06:03 (2885 turns).

greenreed the Shield-Bearer (Gnoll Fighter)         Turns: 2885, Time: 00:06:03

Health: -4/60      AC:  7    Str: 17    XL:     7   Next: 14%
Magic:  10/10      EV: 10    Int:  8    God:
Gold:   144        SH:  5    Dex: 11    Spells: 10/10 levels left

rFire   . . .      SeeInvis .    p - +7 hand axe "Gnoll's Peril" {flame, rN+}
rCold   . . .      Faith    .    c - +0 buckler
rNeg    + . .      Spirit   .    b - +0 scale mail
rPois   .          Reflect  .    (no helmet)
rElec   .          Harm     .    i - scarf {shadows}
rCorr   .          Rampage  .    (no gloves)
Will    .....                    (no boots)
Stlth   +.........               (no amulet)
HPRegen 0.20/turn                (no ring)
MPRegen 0.12/turn                (no ring)

@: mighty
A: fangs 1, strong nose, distributed training
a: no special abilities


You were on level 4 of the Dungeon.
You visited 1 branch of the dungeon, and saw 4 of its levels.

You collected 144 gold pieces.

Inventory:

Hand Weapons
 a - a +0 war axe
 p - the +7 hand axe "Gnoll's Peril" (weapon) {flame, rN+}
   (You found it on level 2 of the Dungeon)

   It burns those it strikes, dealing additional fire damage.
   Big, fiery blades are also staple armaments of hydra-hunters.
   rN:        It protects you from negative energy.
Armour
 b - a +0 scale mail (worn)
 c - a +0 buckler (worn)
 i - a scarf of shadows (worn)
Jewellery
 v - a ring of magical power
Scrolls
 e - 2 scrolls of fear {unknown}
 h - 2 scrolls of poison {unknown}
 k - a scroll of acquirement {unknown}
 m - 2 scrolls of brand weapon {unknown}
 n - 3 scrolls of identify {unknown}
 o - a scroll of enchant armour {unknown}
 s - a scroll of teleportation {unknown}
 t - a scroll of noise {unknown}
Potions
 f - 2 potions of curing {unknown}
 g - 2 potions of brilliance {unknown}
 j - a potion of resistance {unknown}
 l - a potion of mutation {unknown}
 q - 2 potions of degeneration {unknown}
 r - 2 potions of heal wounds {unknown}
 u - a potion of flight {unknown}


   Skills:
 + Level 7.0 Fighting
 + Level 2.3 Short Blades
 + Level 2.3 Long Blades
 + Level 5.2 Axes
 + Level 2.3 Maces & Flails
 + Level 2.3 Polearms
 + Level 2.3 Staves
 + Level 2.3 Ranged Weapons
 + Level 2.3 Throwing
 + Level 7.0 Armour
 + Level 2.3 Dodging
 + Level 2.3 Stealth
 + Level 7.0 Shields
 + Level 2.3 Unarmed Combat
 + Level 2.3 Spellcasting
 + Level 1.9 Conjurations
 + Level 1.9 Hexes
 + Level 1.9 Summonings
 + Level 1.9 Necromancy
 + Level 1.9 Translocations
 + Level 1.9 Transmutations
 + Level 1.9 Fire Magic
 + Level 1.9 Ice Magic
 + Level 1.9 Air Magic
 + Level 1.9 Earth Magic
 + Level 1.9 Poison Magic
 + Level 2.6 Invocations
 + Level 2.3 Evocations


You had 10 spell levels left.
You didn't know any spells.
Your spell library contained the following spells:

 Spells                   Type           Power      Damage    Failure   Level
 Summon Small Mammal      Summ           16%        N/A       50%         1
 Call Canine Familiar     Summ           4%         N/A       86%         3
 Summon Guardian Golem    Hex/Summ       4%         N/A       86%         3


Dungeon Overview and Level Annotations

Branches:
Dungeon (4/15)
 Temple: D:4-7

Altars:
Gozag
Makhleb

Shops:
D:2 (

Annotations:
D:4 Duvessa


Innate Abilities, Weirdness & Mutations

You have very sharp teeth.
Your uncanny sense of smell can sniff out nearby items.
Your experience applies equally to all skills.


Message History

Things that are here:
a +0 dagger; a +0 robe A gnoll comes into view.
It is wielding a +0 whip.
The giant cockroach bites you but does no damage.
Things that are here:
a +0 dagger; a goblin corpse You hit the gnoll.
You burn the gnoll.
The gnoll is heavily wounded.
You hit the giant cockroach. You burn the giant cockroach.
The gnoll barely misses you.
The giant cockroach bites you but does no damage.
You hit the gnoll. You burn the gnoll.
You kill the gnoll!
You closely miss the giant cockroach. The giant cockroach closely misses you.
Duvessa rages.
The gnoll hits you with a +0 whip.
Things that are here:
a +0 whip; a gnoll corpse You slash the gnoll!
You burn the gnoll.
The gnoll is severely wounded.
You slash the giant cockroach! You burn the giant cockroach.
You kill the giant cockroach!
The gnoll barely misses you. You block Duvessa's attack.
You hit the gnoll. You burn the gnoll.
The gnoll is severely wounded.
You hit Duvessa. You burn Duvessa. Duvessa hits you with a +0 rapier!
The gnoll barely misses you.
You slash the gnoll! You burn the gnoll.
You kill the gnoll!
You slash Duvessa! You burn Duvessa. Duvessa hits you with a +0 rapier.
Duvessa hits you with a +0 rapier!
You hit Duvessa but do no damage.
Duvessa is moderately wounded.
Duvessa hits you with a +0 rapier!
* * * LOW HITPOINT WARNING * * *
Duvessa hits you with a +0 rapier!
* * * LOW HITPOINT WARNING * * *
You feel very mighty all of a sudden. Duvessa hits you with a +0 rapier!
You die...

......#.#.#####
###.#..[.#
######.###.##
###o###..# # #...##
##.# #.....# .#
###....###.##
######.###.#
#.......#.##
#..)...# ...
.........## #)####.#
##.# #........# #{#
#... # ###...##.#
#e# ###.# #...##.#
#@# .#
##.###.#######)# #
#...........#.#####
####...#............
#........####.......
#.##...### ###.####
#.###.## .# #<# #.#
.# #.# #.# #


You could see Duvessa (berserk).

Vanquished Creatures
  A sky beast (D:4)
  The ghost of Jeffwins the Shooter, an amateur HuWn (D:3)
  A scorpion (D:4)
  Dowan (D:4)
  An orc priest (D:4)
  3 gnolls
  8 adders
  A worm (D:2)
  3 dart slugs
  3 orcs (D:4)
  11 ball pythons
  3 bats
  8 endoplasms
  4 giant cockroaches
  3 hobgoblins
  3 jackals (D:3)
  3 quokkas
  3 frilled lizards
  5 goblins
  3 kobolds
  3 rats
72 creatures vanquished.

Notes
Turn   | Place    | Note
-------+----------+-------------------------------------------
     0 | D:1      | greenreed the Gnoll Fighter began the quest for the Orb.
     0 | D:1      | Reached XP level 1. HP: 23/23 MP: 1/1
   194 | D:1      | Reached XP level 2. HP: 29/29 MP: 2/2
   473 | D:1      | Reached XP level 3. HP: 5/35 MP: 2/4
   927 | D:1      | Found a faded altar of an unknown god.
   992 | D:2      | Reached skill level 1 in Invocations
  1025 | D:2      | Reached skill level 1 in Short Blades
  1025 | D:2      | Reached skill level 1 in Long Blades
  1025 | D:2      | Reached skill level 1 in Maces & Flails
  1025 | D:2      | Reached skill level 1 in Polearms
  1025 | D:2      | Reached skill level 1 in Staves
  1025 | D:2      | Reached skill level 1 in Ranged Weapons
  1025 | D:2      | Reached skill level 1 in Throwing
  1025 | D:2      | Reached skill level 1 in Dodging
  1025 | D:2      | Reached skill level 1 in Stealth
  1025 | D:2      | Reached skill level 1 in Unarmed Combat
  1025 | D:2      | Reached skill level 1 in Spellcasting
  1025 | D:2      | Reached skill level 1 in Evocations
  1241 | D:2      | Reached XP level 4. HP: 39/41 MP: 5/5
  1460 | D:2      | Found Wotunn's Antique Weapon Shoppe.
  1562 | D:2      | Identified the +7 hand axe "Gnoll's Peril" {flame, rN+}
  1653 | D:3      | Found a runed translucent door.
  1657 | D:3      | Noticed Jeffwins's ghost (amateur HuWn)
  1723 | D:3      | Found an opulent altar of Gozag.
  1745 | D:3      | Reached skill level 1 in Conjurations
  1745 | D:3      | Reached skill level 1 in Hexes
  1745 | D:3      | Reached skill level 1 in Summonings
  1745 | D:3      | Reached skill level 1 in Necromancy
  1745 | D:3      | Reached skill level 1 in Translocations
  1745 | D:3      | Reached skill level 1 in Transmutations
  1745 | D:3      | Reached skill level 1 in Fire Magic
  1745 | D:3      | Reached skill level 1 in Ice Magic
  1745 | D:3      | Reached skill level 1 in Air Magic
  1745 | D:3      | Reached skill level 1 in Earth Magic
  1745 | D:3      | Reached skill level 1 in Poison Magic
  1880 | D:3      | Found a burning altar of Makhleb.
  2351 | D:3      | Reached XP level 5. HP: 34/47 MP: 5/7
  2356 | D:3      | Killed Jeffwins's ghost
  2529 | D:4      | Noticed Dowan
  2529 | D:4      | Noticed Duvessa
  2668 | D:4      | Reached skill level 5 in Axes
  2668 | D:4      | Reached XP level 6. HP: 53/53 MP: 8/8
  2729 | D:4      | Noticed a sky beast
  2737 | D:4      | Killed a sky beast
  2869 | D:4      | Killed Dowan
  2870 | D:4      | Reached XP level 7. HP: 56/60 MP: 10/10
  2885 | D:4      | Slain by Duvessa

Illustrated notes

Levels and vault maps discovered:
D:1:      elethiomel_arrival_quiet, layout_rooms,
          hellmonk_ecumenical_altar_inner_sanctum
D:2:      wad_pebble_path, layout_loops_ring, serial_shops, shop,
          minmay_misc_feat_alley
D:3:      layout_loops_ring, lightli_temple_of_fire,
          mainiacjoe_overflow_surrounded_room, ebering_ghost_sewer_d
D:4:      layout_loops_ring, amcnicky_mini_rare_corridor_liquid, uniq_duvessa

Skill      XL: |  1  2  3  4  5  6 |
---------------+-------------------+-----
Invocations    | 1 2 |  2.6
Short Blades   | 1 2 |  2.3
Long Blades    | 1 2 |  2.3
Maces & Flails | 1 2 |  2.3
Polearms       | 1 2 |  2.3
Staves         | 1 2 |  2.3
Ranged Weapons | 1 2 |  2.3
Throwing       | 1 2 |  2.3
Dodging        | 1 2 |  2.3
Stealth        | 1 2 |  2.3
Unarmed Combat | 1 2 |  2.3
Spellcasting   | 1 2 |  2.3
Evocations     | 1 2 |  2.3
Conjurations   | 1 |  1.9
Hexes          | 1 |  1.9
Summonings     | 1 |  1.9
Necromancy     | 1 |  1.9
Translocations | 1 |  1.9
Transmutations | 1 |  1.9
Fire Magic     | 1 |  1.9
Ice Magic      | 1 |  1.9
Air Magic      | 1 |  1.9
Earth Magic    | 1 |  1.9
Poison Magic   | 1 |  1.9
Axes           | 5 |  5.2
Fighting       | 7 |  7.0
Armour         | 7 |  7.0
Shields        | 7 |  7.0

Action                   |  1- 3 |  4- 6 |  7- 9 || total
-------------------------+-------+-------+-------++-------
Melee: War axe           |    80 |    10 |       ||    90
       Bite              |     4 |     3 |       ||     7
       Hand axe          |       |    68 |    11 ||    79
  Use: Potion            |       |       |     1 ||     1
Armor: Scale mail        |    30 |    26 |     3 ||    59
Dodge: Dodged            |    42 |    24 |     5 ||    71
Block: Buckler           |    18 |     7 |     1 ||    26

Table legend: (Time is in decaauts)
 A = Elapsed time spent in this place.
 B = Non-inter-level travel time spent in this place.
 C = Inter-level travel time spent in this place.
 D = Time resting spent in this place.
 E = Time spent auto-exploring this place.
 F = Levels seen in this place.
 G = Mean time per level.
                   A        B        C        D        E       F      G
               +--------+--------+--------+--------+--------+-----+--------+
         Total |   2922 |   2806 |    116 |      0 |   2354 |   4 |  730.5 |
       Dungeon |   2922 |   2806 |    116 |      0 |   2354 |   4 |  730.5 |
               +--------+--------+--------+--------+--------+-----+--------+

Top non-repeatable levels by time:
     D:1: 985 daAuts
     D:3: 964 daAuts
     D:2: 668 daAuts
     D:4: 304 daAuts
